 Dungeon Crawl Stone Soup version 0.29.1-12-g30fa7ad0bf (webtiles) character file.

Game seed: 2711614768278614894

37 kingofthe the Caller (level 3, -3/36 HPs)
             Began as a Merfolk Summoner on Jan 14, 2023.
             Slain by an orc wizard
             ... wielding a +0 dagger
              (4 damage)
             ... on level 2 of the Dungeon.
             The game lasted 00:05:44 (2243 turns).

kingofthe the Caller (Merfolk Summoner)             Turns: 2243, Time: 00:05:45

Health: -3/36      AC:  3    Str:  8    XL:     3   Next: 39%
Magic:  5/6        EV: 13    Int: 14    God:
Gold:   60         SH:  0    Dex: 16    Spells: 2/6 levels left

rFire   . . .      SeeInvis .   a - +0 club
rCold   . . .      Faith    .   (no shield)
rNeg    . . .      Spirit   .   e - +0 robe
rPois   .          Reflect  .   (no helmet)
rElec   .          Harm     .   (no cloak)
rCorr   .          Rampage  .   (no gloves)
Will    .....                   l - +0 pair of boots
Stlth   ..........              (no amulet)
HPRegen 0.12/turn               (no ring)
MPRegen 0.10/turn               (no ring)

@: confused, berserking, very quick
A: (nimble swimmer 2), mertail
a: no special abilities


You were on level 2 of the Dungeon.
You visited 1 branch of the dungeon, and saw 2 of its levels.

You collected 60 gold pieces.

Inventory:

Hand Weapons
 a - a +0 club (weapon)
 b - a +0 sling
Missiles
 g - 7 stones (quivered)
Armour
 e - a +0 robe (worn)
 l - a +0 pair of boots (worn)
Scrolls
 c - a scroll of silence {unknown}
 d - a scroll of enchant weapon {unknown}
 f - 3 scrolls of identify {unknown}
 h - 2 scrolls of poison
 j - a scroll of noise {unknown}
 k - a scroll of amnesia {unknown}
Potions
 m - a potion of magic


   Skills:
 + Level 3.6 Dodging
 + Level 2.7 Stealth
 + Level 2.3 Spellcasting
 + Level 4.2 Summonings


You had 2 spell levels left.
You knew the following spells:

 Your Spells              Type           Power      Damage    Failure   Level
a - Summon Small Mammal   Summ           52%        N/A       4%          1
b - Call Canine Familiar  Summ           13%        N/A       12%         3

Your spell library contained the following spells:

 Spells                   Type           Power      Damage    Failure   Level
 Call Imp                 Summ           13%        N/A       6%          2
 Ensorcelled Hibernation  Hex/Ice        2%         N/A       34%         2
 Summon Guardian Golem    Hex/Summ       7%         N/A       28%         3
 Spider Form              Tmut/Pois      1%         N/A       56%         3
 Summon Ice Beast         Ice/Summ       7%         N/A       67%         4
 Summon Lightning Spire   Summ/Air       7%         N/A       67%         4
 Anguish                  Hex/Necr       0%         N/A       92%         4
 Summon Mana Viper        Hex/Summ       7%         N/A       95%         5
 Monstrous Menagerie      Summ           6%         N/A       100%        7


Dungeon Overview and Level Annotations

Branches:
Dungeon (2/15)

Altars:

Annotations:
D:2 exclusion: 2 jackals


Innate Abilities, Weirdness & Mutations

((You are very nimble when in or above water. (Stealth+, EV+, Speed+++)))
Your lower body shifts to a powerful aquatic tail in water.


Message History

It was a scroll of poison.
Your bat hits the orc wizard. x2
Your rat closely misses something.
Your bat hits the goblin. Something hits you but does no damage.
The goblin misses your bat.
The orc wizard hits your bat with a +0 dagger.
Your bat dies!
Your bat's corpse disappears in a puff of smoke!
You hit the orc wizard.
The orc wizard is heavily wounded.
Your rat barely misses something.
Something hits you but does no damage.
Your rat barely misses something.
You completely miss something. Something completely misses you.
Your rat bites something.
Something hits you but does no damage. The orc hits you with a +0 whip.
* * * LOW HITPOINT WARNING * * *
You miss something.
Your rat barely misses something.
You hear some strange, mumbled words.
Something tries to affect you, but you resist.
The orc barely misses you.
You barely miss the orc.
Your rat barely misses something.
You hear some strange, mumbled words.
You are confused.
The orc hits you with a +0 whip.
* * * LOW HITPOINT WARNING * * *
Your rat barely misses something.
You are too confused!
It was a potion of berserk rage.
A red film seems to cover your vision as you go berserk!
You feel yourself moving faster!
You feel mighty! Something hits you.
* * * LOW HITPOINT WARNING * * *
The orc closely misses you.
Your rat bites something but does no damage.
You sock the orc!
You kill the orc!
You hear some strange, mumbled words.
Something tries to affect you, but you resist.
Your rat barely misses something.
You're too confused to move!
The orc wizard hits you but does no damage.
Something hits you.
You die...

###...###
##..§§☼§○#
.....○°§§
...§§§° ####
###### #..°☼#
#..#####h..<.
#..§§#
#...h.h.h#### #
#r# #.# ###
#°#{####°##
#go@☼°☼§§°#
.....g#######§#
#####. #.#
######## #
#.###.......
#.....######
#.##.##
#.##.#######
#.##........
..##########


You could see an orc wizard (ally target), a hobgoblin, a goblin and a friendly
rat (summoned).

Vanquished Creatures
  A dart slug (D:2)
  An orc (D:2)
  2 bats
  3 endoplasms
  A giant cockroach (D:1)
  A quokka (D:1)
  A ball python (D:1)
  2 frilled lizards
  6 rats
18 creatures vanquished.

Vanquished Creatures (collateral kills)
  A dart slug (D:1)
  An endoplasm (D:1)
  A goblin (D:1)
  5 hobgoblins (D:1)
  A kobold (D:1)
  3 bats (D:1)
  A frilled lizard (D:1)
13 creatures vanquished.

Grand Total: 31 creatures vanquished

Notes
Turn   | Place    | Note
-------+----------+-------------------------------------------
     0 | D:1      | kingofthe the Merfolk Summoner began the quest for the Orb.
     0 | D:1      | Reached XP level 1. HP: 13/13 MP: 3/3
   320 | D:1      | Reached XP level 2. HP: 9/19 MP: 1/5
  1511 | D:1      | Reached XP level 3. HP: 22/24 MP: 6/6
  1515 | D:1      | Learned a level 3 spell: Call Canine Familiar
  2241 | D:2      | HP: 1/36 [something (4)]
  2243 | D:2      | Slain by an orc wizard

Illustrated notes

Levels and vault maps discovered:
D:1:      tarquinn_simple_flora_water_f, layout_basic
D:2:      layout_loops_ring, basic_altar, shapermc_ecumenical_altar_flowoftime

Skill      XL: |  1 |
---------------+----+-----
Dodging        | 3 |  3.6
Stealth        | |  2.7
Spellcasting   | |  2.3
Summonings     | |  4.2

Action                   || total
-------------------------++-------
Melee: Club              ||   105
 Fire: Sling             ||     3
 Cast: Summon Small Mamm ||    17
  Use: Scroll            ||     1
       Potion            ||     1
 Stab: Sleeping          ||     9
       Distracted        ||     1
Armor: Robe              ||    36
Dodge: Dodged            ||   107
